 Dungeon Crawl Stone Soup version 0.30-a0-210-g01b79a254e (webtiles) character file.

Game seed: 14646865041649130443

9737 LnG the Unseen (level 11, -6/68 HPs)
             Began as a Kobold Summoner on Oct 5, 2022.
             Was a Believer of Dithmenos.
             Mangled by an orc knight
             ... wielding a +0 battleaxe
              (14 damage)
             ... in a bailey.
             The game lasted 00:29:22 (9692 turns).

LnG the Unseen (Kobold Summoner)                    Turns: 9692, Time: 00:29:23

Health: -6/68      AC:  5    Str:  7    XL:     11   Next: 79%
Magic:  10/21      EV: 20    Int: 24    God:    Dithmenos [**....]
Gold:   707        SH:  0    Dex: 17    Spells: 15/24 levels left

rFire   . . .      SeeInvis .    t - +2 short sword (venom)
rCold   . . .      Faith    .    (no shield)
rNeg    . . .      Spirit   .    a - +0 robe
rPois   .          Reflect  .    l - +0 helmet
rElec   .          Harm     .    (no cloak)
rCorr   .          Rampage  .    y - +1 pair of gloves
Will    .....                    (no boots)
Stlth   ++++++++++               (no amulet)
HPRegen 0.31/turn                e - +6 ring of intelligence
MPRegen 0.17/turn                u - ring of wizardry

@: wreathed by umbra
A: small, no large weapons, nightstalker 3
a: Renounce Religion, Shadow Step


You were in a bailey.
You worshipped Dithmenos.
Dithmenos was pleased with you.
You visited 2 branches of the dungeon, and saw 10 of its levels.
You also visited: Bailey.

You collected 907 gold pieces.
You spent 200 gold pieces at shops.

Inventory:

Hand Weapons
 h - a +0 dagger of venom
 t - a +2 short sword of venom (weapon)
Armour
 a - a +0 robe (worn)
 l - a +0 helmet (worn)
 y - a +1 pair of gloves (worn)
Jewellery
 e - a +6 ring of intelligence (left hand)
 f - a ring of poison resistance
 n - the ring of Meaneunu {Ice +Blink}
   (You found it on level 2 of the Dungeon)

   [ring of ice]

   It enhances your ice magic.
   rF:        It makes you vulnerable to fire.
   rC:        It protects you from cold.
   +Blink:    It lets you blink.
 u - a ring of wizardry (right hand)
 w - a ring of protection from fire
 B - a ring of resist corrosion
 H - a +6 ring of dexterity
 M - a ring of flight
Wands
 A - a wand of light (13)
 L - a wand of mindburst (3)
Scrolls
 d - 2 scrolls of fog
 g - a scroll of enchant weapon
 k - 2 scrolls of poison
 m - a scroll of amnesia
 q - 2 scrolls of vulnerability
 r - 2 scrolls of teleportation
 v - a scroll of enchant armour
 z - 2 scrolls of blinking {unknown}
 D - a scroll of noise {unknown}
 E - 2 scrolls of torment {unknown}
 G - a scroll of magic mapping {unknown}
Potions
 b - 4 potions of magic
 c - 2 potions of flight
 j - 2 potions of invisibility {unknown}
 o - a potion of haste {unknown}
 p - a potion of mutation {unknown}
 x - 2 potions of brilliance {unknown}
 F - a potion of lignification {unknown}
 I - 2 potions of attraction {unknown}
 J - a potion of resistance {unknown}
 K - a potion of ambrosia {unknown}


   Skills:
 + Level 7.7 Fighting
 + Level 9.7 Short Blades
 + Level 9.5 Dodging
 * Level 16.4 Stealth
 + Level 0.4 Unarmed Combat
 + Level 7.0 Spellcasting
 + Level 7.8 Summonings


You had 15 spell levels left.
You knew the following spells:

 Your Spells              Type           Power      Damage    Failure   Level
a - Summon Small Mammal   Summ           100%       N/A       1%          1
b - Call Imp              Summ           45%        N/A       1%          2
c - Call Canine Familiar  Summ           45%        N/A       1%          3
d - Summon Guardian Gole  Hex/Summ       27%        N/A       1%          3

Your spell library contained the following spells:

 Spells                   Type           Power      Damage    Failure   Level
 Beastly Appendage        Tmut           16%        N/A       2%          1
 Kiss of Death            Conj/Necr      32%        2d7       2%          1
 Sublimation of Blood     Necr           8%         N/A       4%          2
 Wereblood                Tmut           8%         N/A       4%          2
 Summon Lightning Spire   Summ/Air       27%        N/A       6%          4
 Confusing Touch          Hex            8%         N/A       9%          3
 Dazzling Flash           Conj/Hex       16%        N/A       9%          3
 Inner Flame              Hex/Fire       8%         N/A       9%          3
 Spider Form              Tmut/Pois      8%         N/A       9%          3
 Dispel Undead            Necr           8%         3d8       26%         4
 Flame Wave               Conj/Fire      8%         2d5       26%         4
 Iskenderun's Mystic Bla  Conj/Tloc      8%         2d4       26%         4
 Sticky Flame             Conj/Fire      8%         2d3       26%         4
 Summon Hydra             Summ           22%        N/A       65%         7
 Starburst                Conj/Fire      4%         6d3       98%         6


Dungeon Overview and Level Annotations

Branches:
Dungeon (9/15)             Temple (1/1) D:4            Lair (0/5) D:8
 Bailey (1/1)
    Orc: D:9-12

Altars:
Ashenzari
Cheibriados
Dithmenos
Elyvilon
Fedhas
Gozag
Hepliaklqana
Kikubaaqudgha
Makhleb
Nemelex Xobeh
Okawaru
Qazlal
Ru
Sif Muna
Uskayaw
Vehumet
Xom
Yredelemnul
Zin
The Shining One

Shops:
D:4 :   D:5 ![*!:


Innate Abilities, Weirdness & Mutations

You are small and have problems with some larger weapons.
You are completely attuned to the shadows.


Message History

Confirm with . or Enter, or press ? or * to list all spells.
A guardian golem appears, shielding your allies.
Your wolf barely misses the orc knight.
As you read the scroll of fear, it crumbles to dust.
You assume a fearsome visage.
The orc knight looks frightened!
Your wolf closely misses the orc knight.
The orc knight barely misses your wolf.
The orc knight hits you with a +0 battleaxe!
* * * LOW HITPOINT WARNING * * *
The orc knight hits your guardian golem with a +0 battleaxe.
Your wolf bites the orc knight.
Your wolf's attack snaps the orc knight out of its fear.
Your wolf closely misses the orc knight.
You feel much better.
The orc knight hits you with a +0 battleaxe!
The orc knight hits your guardian golem with a +0 battleaxe!
The orc knight hits your wolf with a +0 battleaxe!!
Your wolf dies!
Your wolf's corpse disappears in a puff of smoke!
Your guardian golem overheats!
You feel better. The orc knight barely misses you.
The orc knight hits your guardian golem with a +0 battleaxe!
Flame seeps out of your guardian golem.
Your guardian golem is engulfed in blazing flames.
Flame seeps out of your guardian golem.
You feel better.
The orc knight hits you with a +0 battleaxe!
The orc knight hits your guardian golem with a +0 battleaxe!!
Your guardian golem disappears in a puff of smoke!
Your guardian golem explodes!
The fiery explosion engulfs the orc knight!!
Casting: Summon Guardian Golem (safe; 1% risk of failure)
Confirm with . or Enter, or press ? or * to list all spells.
A guardian golem appears, shielding your allies.
The orc knight hits you with a +0 battleaxe!!
* * * LOW HITPOINT WARNING * * *
The orc knight hits your guardian golem with a +0 battleaxe!
You feel better.
The orc knight hits you with a +0 battleaxe!
You die...

##### ###...###
##.......##
#.........#
#....∩..§.#
#.....9..§#
##....§o§##
##....@## ###...##
##...####
##.....####
##....(..###
#..∩.....(####
#....)........####
~≈≈≈≈≈≈≈.....)...#
≈≈≈≈≈≈≈≈≈≈≈...(...


You could see an orc knight (ally target) and a friendly guardian golem
(summoned).

Vanquished Creatures
  Amaemon (D:8)
  An orange demon (D:8)
  A hornet (D:8)
  6 yaks
  A water moccasin (D:7)
  6 black bears
  A sky beast (D:8)
  3 orc warriors
  3 ice beasts
  2 centaurs (D:8)
  3 phantoms
  Blork the orc (D:4)
  A necrophage (D:4)
  A bullfrog (D:8)
  6 scorpions
  7 wights
  6 killer bees
  4 howler monkeys
  A jelly (D:6)
  2 orc priests
  4 hounds (D:6)
  4 iguanas
  9 orc wizards
  7 gnolls
  4 adders
  A white imp (D:7)
  A worm (D:5)
  A dart slug (D:5)
  32 orcs
  8 bats
  6 endoplasms
  A giant cockroach (D:1)
  4 goblins
  9 hobgoblins
  9 jackals
  10 kobolds
  3 quokkas
  2 training dummies (D:6)
  6 ball pythons
  3 frilled lizards
  8 rats
189 creatures vanquished.

Vanquished Creatures (collateral kills)
  A sky beast (D:8)
  A phantom (D:3)
  4 wights (D:6)
  A nameless horror (D:3)
  A hound (D:4)
  2 adders
  A worm (D:3)
  A dart slug (D:1)
  3 orcs
  2 ball pythons
  An endoplasm (D:4)
  2 goblins
  A hobgoblin (D:4)
  2 quokkas (D:1)
  A frilled lizard (D:1)
24 creatures vanquished.

Vanquished Creatures (others)
  An orc knight (Bailey)
  2 orc warriors (Bailey)
  60 fungi (D:8)
  38 plants
101 creatures vanquished.

Grand Total: 314 creatures vanquished

Notes
Turn   | Place    | Note
-------+----------+-------------------------------------------
     0 | D:1      | LnG the Kobold Summoner began the quest for the Orb.
     0 | D:1      | Reached XP level 1. HP: 10/10 MP: 3/3
   144 | D:1      | Reached XP level 2. HP: 9/15 MP: 0/5
   281 | D:1      | Learned a level 2 spell: Call Imp
   748 | D:1      | Reached XP level 3. HP: 19/19 MP: 7/7
   752 | D:1      | Learned a level 3 spell: Call Canine Familiar
  1233 | D:2      | Reached skill level 3 in Stealth
  1490 | D:2      | Identified the ring of Meaneunu {Ice +Blink}
  2014 | D:2      | Reached XP level 4. HP: 24/24 MP: 8/8
  2223 | D:3      | Noticed a phantom
  2251 | D:3      | Killed a phantom
  2252 | D:3      | Reached skill level 1 in Short Blades
  2252 | D:3      | Reached skill level 5 in Stealth
  2252 | D:3      | Reached XP level 5. HP: 7/28 MP: 4/9
  2256 | D:3      | Learned a level 3 spell: Summon Guardian Golem
  2343 | D:3      | Noticed a nameless horror
  2349 | D:3      | Killed a nameless horror
  2589 | D:3      | Found a faded altar of an unknown god.
  2840 | D:3      | Reached XP level 6. HP: 33/33 MP: 10/10
  2943 | D:3      | Found a blossoming altar of Fedhas.
  3118 | D:4      | Noticed Blork the orc
  3133 | D:4      | Killed Blork the orc
  3134 | D:4      | Reached skill level 1 in Fighting
  3134 | D:4      | Reached skill level 6 in Stealth
  3360 | D:4      | Reached XP level 7. HP: 32/38 MP: 11/11
  3645 | D:4      | Found Widened's Book Shop.
  3853 | D:4      | Reached skill level 7 in Stealth
  3912 | D:4      | Found a staircase to the Ecumenical Temple.
  3918 | Temple   | Entered the Ecumenical Temple
  4045 | D:5      | Entered Level 5 of the Dungeon
  4304 | D:5      | Found Redilyiz's Assorted Antiques.
  4309 | D:5      | Bought a scroll of identify for 48 gold pieces
  4309 | D:5      | Bought a scroll of identify for 48 gold pieces
  4316 | D:5      | Found Lunoonwo's Distillery.
  4320 | D:5      | Reached skill level 8 in Stealth
  4323 | D:5      | Bought a potion of heal wounds for 65 gold pieces
  4323 | D:5      | Bought a potion of curing for 39 gold pieces
  4336 | D:5      | Found Tookk's Book Shoppe.
  4355 | D:5      | Reached XP level 8. HP: 44/44 MP: 13/13
  4548 | D:5      | Found Noikael's Antique Armour Shop.
  4554 | D:5      | Reached skill level 9 in Stealth
  4702 | D:5      | Found Etteh's Distillery.
  4771 | D:5      | Found a sacrificial altar of Ru.
  5035 | D:5      | Reached skill level 5 in Fighting
  5035 | D:5      | Reached skill level 13 in Stealth
  5035 | D:5      | Reached skill level 5 in Spellcasting
  5035 | D:5      | Reached XP level 9. HP: 54/54 MP: 13/17
  5036 | D:5      | Reached skill level 14 in Stealth
  5036 | D:5      | Reached XP level 10. HP: 61/61 MP: 13/20
  5159 | D:6      | Found a shadowy altar of Dithmenos.
  5166 | D:6      | Became a worshipper of Dithmenos the Shadowed
  5316 | D:6      | Found a glowing golden altar of the Shining One.
  6034 | D:7      | Reached skill level 15 in Stealth
  6398 | D:7      | Reached * piety under Dithmenos
  6548 | D:7      | Found an opulent altar of Gozag.
  6548 | D:7      | Found a sparkling altar of Nemelex Xobeh.
  6915 | D:7      | Found a hide-covered altar of Uskayaw.
  7159 | D:8      | Noticed Amaemon
  7159 | D:8      | Noticed an orange demon
  7160 | D:8      | Killed Amaemon
  7161 | D:8      | Reached XP level 11. HP: 66/66 MP: 21/21
  8138 | D:8      | Found a staircase to the Lair.
  8346 | D:8      | Reached ** piety under Dithmenos
  8656 | D:8      | Found a shimmering blue altar of Sif Muna.
  8878 | D:8      | Reached skill level 16 in Stealth
  8921 | D:8      | Found a hazy altar of Hepliaklqana.
  8989 | D:9      | Noticed a two-headed ogre
  8994 | D:9      | Found a radiant altar of Vehumet.
  9163 | D:9      | Found a flagged portal.
  9177 | Bailey   | Entered a bailey
  9234 | Bailey   | Noticed an orc knight
  9368 | Bailey   | Identified the +6 scale mail "Vustrorewn" {+Inv Dex+3}
  9588 | Bailey   | Noticed an orc knight
  9610 | Bailey   | Killed an orc knight
  9691 | Bailey   | HP: 3/68 [orc knight/+0 battleaxe (30)]
  9692 | Bailey   | Mangled by an orc knight

Illustrated notes

Levels and vault maps discovered:
D:1:      dpeg_arrival_short_road, layout_basic, minmay_cut_off
D:2:      layout_basic
D:3:      layout_rooms, fedhas_altar_2, chequers_ecumenical_altar_lobes
D:4:      layout_rooms, temple_green, serial_shops, nicolae_shop_behind_doors,
          uniq_blork_the_orc
D:5:      layout_gridville, hangedman_ru_absence, serial_shops, shop,
          shop_fountains, nicolae_shop_stone, shop, shop
D:6:      dreamdust_elfheim, layout_rooms, nicolae_dithmenos_the_darkroom,
          tso_altar
D:7:      layout_basic, grunt_temple_overflow_opulence, nicolae_uskayaw_suspiria
D:8:      layout_rooms, led_sif_book, nzn_hepliaklqana_mist_gate,
          due_lair_maze_entry_diamond, uniq_amaemon
D:9:      layout_stronghold, nicolae_overflow_crystal_walls, david_orc_5,
          enter_bailey_4
Temple:   nicolae_temple_ecumenical_triangle
Bailey:   bailey_axe_4, bailey

Skill      XL: |  1  2  3  4  5  6  7  8  9 10 11 |
---------------+----------------------------------+-----
Stealth        | 3 5 6 8 13 14 15 16 | 16.4
Short Blades   | 1 2 3 7 8 9 |  9.7
Dodging        | 3 4 7 8 9 |  9.5
Fighting       | 1 5 6 7 |  7.7
Spellcasting   | 3 5 6 7 |  7.0
Summonings     | 6 7 |  7.8
Unarmed Combat | |  0.4

Action                   |  1- 3 |  4- 6 |  7- 9 | 10-12 || total
-------------------------+-------+-------+-------+-------++-------
Melee: Unarmed           |    15 |       |       |       ||    15
       Dagger            |    77 |    58 |       |       ||   135
       Punch             |     1 |     2 |       |     9 ||    12
       Short sword       |       |    48 |    87 |   576 ||   711
 Cast: Summon Small Mamm |    11 |       |       |       ||    11
       Call Imp          |     2 |       |       |       ||     2
       Call Canine Famil |       |     9 |     1 |     6 ||    16
       Summon Guardian G |       |       |       |     6 ||     6
Evoke: Wand              |       |       |       |     4 ||     4
  Use: Potion            |     1 |     2 |     2 |     5 ||    10
       Scroll            |       |     4 |     3 |     6 ||    13
 Stab: Sleeping          |    17 |     5 |    13 |    24 ||    59
       Distracted        |       |     2 |     1 |     3 ||     6
Armor: Robe              |    15 |     5 |    14 |    42 ||    76
Dodge: Dodged            |    62 |    89 |    44 |   407 ||   602

Table legend: (Time is in decaauts)
 A = Elapsed time spent in this place.
 B = Non-inter-level travel time spent in this place.
 C = Inter-level travel time spent in this place.
 D = Time resting spent in this place.
 E = Time spent auto-exploring this place.
 F = Levels seen in this place.
 G = Mean time per level.
                   A        B        C        D        E       F      G
               +--------+--------+--------+--------+--------+-----+--------+
         Total |   9413 |   9104 |    309 |    913 |   6280 |  11 |  855.7 |
       Dungeon |   8866 |   8557 |    309 |    713 |   6231 |   9 |  985.1 |
        Temple |     63 |     63 |      0 |      0 |     38 |   1 |   63.0 |
        Bailey |    484 |    484 |      0 |    200 |     11 |   1 |  484.0 |
               +--------+--------+--------+--------+--------+-----+--------+

Top non-repeatable levels by time:
     D:7: 1741 daAuts
     D:1: 1205 daAuts
     D:8: 1120 daAuts
     D:5: 1098 daAuts
     D:2: 953 daAuts
     D:3: 950 daAuts
     D:4: 858 daAuts
     D:6: 781 daAuts
  Bailey: 484 daAuts
     D:9: 156 daAuts
  Temple: 63 daAuts
